 Dungeon Crawl Stone Soup version 0.23.0-3-gf3c87f2df8 (webtiles) character file.

Game seed: 2807517058253382665

16 bpy6 the Caller (level 2, 0/19 HPs)
             Began as a Barachi Summoner on Feb 22, 2019.
             Hit by a goblin thrown by Robin (3 damage)
             ... on level 2 of the Dungeon.
             The game lasted 00:07:48 (1020 turns).

bpy6 the Caller (Barachi Summoner)                  Turns: 1020, Time: 00:07:49

Health: 0/19       AC:  4    Str:  9    XL:     2   Next: 54%
Magic:  13/14      EV: 12    Int: 15    God:
Gold:   85         SH:  0    Dex: 12    Spells: 4/5 levels left

rFire    . . .     SeeInvis .   (no weapon)
rCold    . . .     Gourm    .   (no shield)
rNeg     . . .     Faith    .   a - +0 robe
rPois    .         Spirit   .   (no helmet)
rElec    .         Reflect  .   (no cloak)
rCorr    .         Harm     .   (no gloves)
MR       .....                  e - +1 pair of boots
Stlth    ++........             (no amulet)
HPRegen  0.06/turn              d - ring of magical power
MPRegen  0.14/turn              (no ring)

@: can't hop, slow
A: +LOS, swims, slowness 1, strong legs 1
a: Hop


You were on level 2 of the Dungeon.
You were not hungry.

You visited 1 branch of the dungeon, and saw 2 of its levels.

You collected 85 gold pieces.

Inventory:

Armour
 a - a +0 robe (worn)
 e - a +1 pair of boots (worn)
Jewellery
 d - a ring of magical power (left hand)
 f - a +5 ring of strength {unknown}
Scrolls
 b - a scroll of fog {unknown}
 h - a scroll of identify {unknown}
 j - a scroll of teleportation {unknown}
Potions
 g - a potion of agility {unknown}
 i - a potion of haste {unknown}
Comestibles
 c - 3 rations


   Skills:
 * Level 1.0 Armour
 + Level 2.2 Dodging
 - Level 1.7 Stealth
 + Level 2.3 Spellcasting
 + Level 5.3 Summonings


You had 4 spell levels left.
You knew the following spells:

 Your Spells              Type           Power        Failure   Level  Hunger
a - Summon Small Mammal   Summ           ###.         2%          1    #......

Your spell library contained the following spells:

 Spells                   Type           Power        Failure   Level  Hunger
 Call Imp                 Summ           ###.....     3%          2    ###....
 Call Canine Familiar     Summ           ###.....     7%          3    ###....
 Summon Guardian Golem    Hex/Summ       #.......     22%         3    ###....
 Summon Ice Beast         Ice/Summ       #.......     56%         4    #####..
 Summon Lightning Spire   Summ/Air       #.......     56%         4    #####..


Dungeon Overview and Level Annotations

Branches:
Dungeon (2/15)

Altars:

Annotations:
D:2 Robin


Innate Abilities, Weirdness & Mutations

Shadows flee at your approach. (+LOS)
You can swim through water.
You cover ground slowly.
You can hop short distances.


Message History

Your bat dies!
Your bat's corpse disappears in a puff of smoke!
The adder barely misses you. The goblin misses you.
The goblin moves out of view.
Hop to where?
Press: ? - help, Dir - move target cursor Boing!
Your bat hits the adder. Robin throws the goblin at you!
Your bat hits the adder. The goblin barely misses you.
The goblin hits your bat with a +0 dagger.
The goblin hits you.
Your bat barely misses the goblin.
Your bat closely misses the goblin.
Robin throws the goblin at you!
* * * LOW HITPOINT WARNING * * *
The goblin hits you.
* * * LOW HITPOINT WARNING * * *
The goblin closely misses you.
There is a stone staircase leading up here.
Your bat barely misses the goblin.
The adder closely misses you. Robin throws the goblin at you!
You die...

#####g#'#..#... ####
#....gg.....# ...
#...........#
#######.###.....°.....#
..................b...#
.......##......)gg....#
.....# ##K.#####......#
.... #§...# #S.....# ..
♣....♣ #@g....# .
♣...♣♣ #gg....# ♣♣.♣♣
#......# .♣♣ ######## ♣


You could see Robin, an adder, a hobgoblin, 6 goblins and a friendly bat.

Vanquished Creatures
  2 goblins (D:1)
  3 kobolds
  A ball python (D:2)
  2 rats (D:1)
8 creatures vanquished.

Vanquished Creatures (collateral kills)
  2 giant cockroaches (D:1)
  2 goblins (D:1)
  A hobgoblin (D:1)
  2 bats
  4 frilled lizards (D:1)
  A kobold (D:1)
  A rat (D:1)
13 creatures vanquished.

Grand Total: 21 creatures vanquished

Notes
Turn   | Place    | Note
-------+----------+-------------------------------------------
     0 | D:1      | bpy6 the Barachi Summoner began the quest for the Orb.
     0 | D:1      | Reached XP level 1. HP: 13/13 MP: 3/3
   154 | D:1      | Reached skill level 5 in Summonings
   420 | D:1      | Reached XP level 2. HP: 15/19 MP: 5/5
   987 | D:2      | Reached skill level 1 in Armour
  1016 | D:2      | Noticed Robin
  1020 | D:2      | Hit by a goblin thrown by Robin

Skill      XL: |  1  2 |
---------------+-------+-----
Summonings     | 5 |  5.3
Armour         | 1 |  1.0
Dodging        | |  2.2
Stealth        | |  1.7
Spellcasting   | |  2.3

Action                   || total
-------------------------++-------
Melee: Unarmed           ||    45
 Cast: Summon Small Mamm ||    20
 Abil: Hop               ||     2
 Stab: Sleeping          ||     5
  Eat: Ration            ||     1
Armor: Robe              ||    20
Dodge: Dodged            ||    49
